 Dungeon Crawl Stone Soup version 0.28-a0-750-g7c675f85b1 (webtiles) character file.

Game seed: 12818878046792430744

1763 Shploik the Grappler (level 8, -7/118 HPs)
             Began as a Troll Berserker on Oct 29, 2021.
             Was an Elder of Trog.
             Mangled by an unseen horror (9 damage)
             ... on level 7 of the Dungeon.
             The game lasted 00:29:28 (5694 turns).

Shploik the Grappler (Troll Berserker)              Turns: 5694, Time: 00:29:29

Health: -7/118     AC:  6    Str: 34    XL:     8   Next: 79%
Magic:  7/7        EV: 11    Int:  9    God:    Trog [****..]
Gold:   287        SH:  0    Dex:  9    Spells: 7/7 levels left

rFire   . . .      SeeInvis .     - Unarmed
rCold   . . .      Faith    +   (no shield)
rNeg    . . .      Spirit   .   a - +1 animal skin
rPois   .          Reflect  .   (helmet restricted)
rElec   .          Harm     .   b - +0 cloak
rCorr   .          Rampage  .   (gloves unavailable)
Will    .....                   (boots unavailable)
Stlth   ..........              c - amulet of faith
HPRegen 1.29/turn               n - +6 ring of intelligence
MPRegen 0.10/turn               v - +6 ring of strength

@: berserking, very quick
A: large, unfitting armour, claws 3, regeneration 1, shaggy fur 1, tough skin 1
a: Renounce Religion, Berserk, Trog's Hand, Brothers in Arms


You were on level 7 of the Dungeon.
You worshipped Trog.
Trog was greatly pleased with you.
You visited 1 branch of the dungeon, and saw 6 of its levels.

You collected 287 gold pieces.

Inventory:

Hand Weapons
 q - a +0 hunting sling
 s - a +4 whip
 w - a +2 hand axe of protection
 A - a +0 giant spiked club
 B - a +0 whip
 C - a +0 long sword
Missiles
 m - 2 throwing nets
 r - 55 stones
Armour
 a - a +1 animal skin (worn)
 b - a +0 cloak (worn)
 g - a +0 helmet
 l - a +0 helmet
Jewellery
 c - an amulet of faith (around neck)
 e - an amulet of the acrobat
 h - an amulet of guardian spirit
 n - a +6 ring of intelligence (left claw)
 v - a +6 ring of strength (right claw)
 x - a ring of wizardry
Wands
 o - a wand of iceblast (6) (quivered)
Scrolls
 i - a scroll of noise {unknown}
 j - a scroll of identify
 p - 2 scrolls of teleportation
 t - a scroll of brand weapon
 y - 3 scrolls of silence
Potions
 d - a potion of cancellation {unknown}
 f - a potion of invisibility {unknown}
 k - a potion of mutation {unknown}
 z - a potion of might {unknown}
 D - a potion of ambrosia {unknown}


   Skills:
 + Level 4.4 Fighting
 + Level 2.2(2.4) Axes
 + Level 1.4(2.2) Maces & Flails
 + Level 5.2 Dodging
 + Level 1.6 Stealth
 + Level 8.0 Unarmed Combat


You had 7 spell levels left.
You didn't know any spells.
Your spell library was empty.

Dungeon Overview and Level Annotations

Branches:
Dungeon (7/15)             Temple (0/1) D:6

Altars:
Cheibriados
Elyvilon
Hepliaklqana
Kikubaaqudgha
Nemelex Xobeh
Okawaru
Xom
The Shining One

Shops:
D:4 *   D:6 :


Innate Abilities, Weirdness & Mutations

You are too large for most types of armour.
You have claws for hands.
Your natural rate of healing is unusually fast.
You are covered in fur. (AC +1)
You have tough skin. (AC +1)


Message History

You closely miss the hound.
The hound is moderately wounded.
Something hits you but does no damage. The hound bites you but does no damage.
Attack: -) Claws
Press: ? - help, Dir - move target, f/p - hound
Aim: a hound (moderately wounded, about 47% to evade your claws)
You claw the hound!
The hound is almost dead.
The hound barely misses you.
Attack: -) Claws
Press: ? - help, Dir - move target, f/p - hound
Aim: a hound (almost dead, about 47% to evade your claws)
You claw the hound!
You kill the hound!
Trog accepts your kill. Something hits you.
Your Unarmed Combat skill increases to level 8!
Attack: -) Claws
Press: ? - help, Dir - move target, f - you That would be overly suicidal.
Okay, then.
Something hits you but does no damage. Something hits you. Something hits you.
* * * LOW HITPOINT WARNING * * *
Something hits you!
* * * LOW HITPOINT WARNING * * *
Something hits you!
* * * LOW HITPOINT WARNING * * *
A red film seems to cover your vision as you go berserk!
You feel yourself moving faster!
You feel mighty! Something hits you.
* * * LOW HITPOINT WARNING * * *
Something hits you but does no damage.
You miss something. You miss something. Your claw misses something.
Something hits you.
* * * LOW HITPOINT WARNING * * *
Something hits you but does no damage.
You mangle something!! Something hits you.
* * * LOW HITPOINT WARNING * * *
You miss something. Something hits you but does no damage. Something hits you!
You die...

##### ### ## #... ..# ##.
###.##########.#####..
#####....................)
.........####..###.#####..
####.###..............#...###.
...................#...##.###.
......##.)..#####†......#....#
####. #..)..@{..............#
h. #....#####.###..##....# #.
#....# #.# #..##..... #
#...... ..# #..##.###.
#.#........[ ......# #.
#..#.######.###.###.###.
#.##.# #.# #.# #..... #.# #.#
#.#.## #. #


There were no monsters in sight!

Vanquished Creatures
  3 black bears
  An ice beast (D:6)
  2 necrophages (D:6)
  3 ogres
  A centaur (D:7)
  2 scorpions
  A howler monkey (D:7)
  A bullfrog zombie (D:6)
  6 orc priests
  4 hounds
  A jelly (D:6)
  A bullfrog skeleton (D:6)
  3 iguanas
  2 orc wizards
  4 gnolls (D:4)
  2 howler monkey skeletons
  3 adders
  An ufetubus (D:6)
  A worm (D:2)
  2 dart slugs
  18 orcs
  7 ball pythons
  9 endoplasms
  5 giant cockroaches
  6 goblins
  7 hobgoblins
  8 jackals (D:1)
  7 kobolds
  A quokka (D:1)
  7 bats
  4 frilled lizards
  6 rats
129 creatures vanquished.

Notes
Turn   | Place    | Note
-------+----------+-------------------------------------------
     0 | D:1      | Shploik the Troll Berserker began the quest for the Orb.
     0 | D:1      | Reached XP level 1. HP: 22/22 MP: 0/0
    42 | D:1      | Reached XP level 2. HP: 29/29 MP: 1/1
    76 | D:1      | Upgraded the game from 0.28-a0-730-g892d06dc2c to
                  | 0.28-a0-750-g7c675f85b1
   483 | D:1      | Reached XP level 3. HP: 36/36 MP: 2/2
   562 | D:1      | Found a faded altar of an unknown god.
   693 | D:1      | Reached ** piety under Trog
  1667 | D:2      | Reached XP level 4. HP: 44/44 MP: 3/3
  1962 | D:2      | Reached skill level 4 in Unarmed Combat
  2602 | D:3      | Found an ancient bone altar of Kikubaaqudgha.
  2623 | D:3      | Reached *** piety under Trog
  2762 | D:3      | Found a white marble altar of Elyvilon.
  2762 | D:3      | Found a glowing golden altar of the Shining One.
  2819 | D:3      | Found a snail-covered altar of Cheibriados.
  2834 | D:3      | Found a shimmering altar of Xom.
  2849 | D:3      | Found a hazy altar of Hepliaklqana.
  2862 | D:3      | Found an iron altar of Okawaru.
  3135 | D:4      | Found Liupse's Mayhem Merchandise.
  3181 | D:4      | Noticed an ogre
  3187 | D:4      | Reached XP level 5. HP: 51/53 MP: 4/4
  3188 | D:4      | Killed an ogre
  3256 | D:4      | Noticed a black bear
  3258 | D:4      | Reached XP level 6. HP: 39/61 MP: 5/5
  3265 | D:4      | Reached skill level 1 in Axes
  3265 | D:4      | Reached skill level 1 in Maces & Flails
  3445 | D:4      | Reached skill level 5 in Unarmed Combat
  3445 | D:4      | Reached XP level 7. HP: 34/68 MP: 6/6
  3877 | D:4      | You fall into a shaft and drop 3 floors!
  4175 | D:6      | Reached skill level 1 in Stealth
  4180 | D:6      | Reached **** piety under Trog
  4209 | D:6      | Found a sparkling altar of Nemelex Xobeh.
  4298 | D:6      | Found Xaiwoogi's Book Shoppe.
  4335 | D:6      | Reached skill level 6 in Unarmed Combat
  4335 | D:6      | Reached XP level 8. HP: 78/78 MP: 7/7
  4403 | D:6      | Reached skill level 7 in Unarmed Combat
  4474 | D:6      | Reached skill level 5 in Dodging
  4587 | D:6      | Found a staircase to the Ecumenical Temple.
  5687 | D:7      | Reached skill level 8 in Unarmed Combat
  5692 | D:7      | HP: 5/118 [something (2)]
  5693 | D:7      | HP: 1/118 [something (5)]
  5694 | D:7      | Mangled by an unseen horror

Illustrated notes

Levels and vault maps discovered:
D:1:      zaba_arrival_water, layout_loops_ring,
          shapermc_ecumenical_altar_totnotflames, minmay_statues_item
D:2:      layout_loops_ring, minmay_split_cup_small
D:3:      layout_rooms, mainiacjoe_overflow_alcove_1,
          grunt_temple_overflow_cloverleaf,
          chequers_temple_overflow_statue_of_worship
D:4:      layout_cave_pools, hellmonk_ghost_happy_afterlife, minmay_shop_mayhem,
          corexii_corridor_pit
D:6:      layout_loops_ring, overflow_temple_1_default,
          minmay_temple_entry_arrows, serial_shops, nicolae_shop_trees,
          minmay_fractal_squares_gapless_5
D:7:      layout_loops_ring, makhleb_altar_promises_db,
          nicolae_ru_great_annihilating_truth, kennysheep_generic_room_6

Skill      XL: |  1  2  3  4  5  6  7  8 |
---------------+-------------------------+-----
Dodging        | 3 4 5 |  5.2
Unarmed Combat | 4 5 6 8 |  8.0
Fighting       | 3 4 |  4.4
Axes           | 1 2 |  2.2
Maces & Flails | 1 |  1.4
Stealth        | 1 |  1.6

Action                   |  1- 3 |  4- 6 |  7- 9 || total
-------------------------+-------+-------+-------++-------
Melee: Unarmed           |   133 |    60 |   111 ||   304
       Punch             |     1 |     4 |     4 ||     9
       Whip              |       |    20 |       ||    20
       Hand axe          |       |    18 |       ||    18
       Giant spiked club |       |    15 |       ||    15
Invok: Berserk           |       |     3 |     8 ||    11
  Use: Scroll            |       |       |    10 ||    10
       Potion            |       |       |     3 ||     3
 Stab: Sleeping          |       |     1 |     1 ||     2
Armor: Animal skin       |    63 |    62 |    67 ||   192
Dodge: Dodged            |   118 |    89 |    84 ||   291

Table legend: (Time is in decaauts)
 A = Elapsed time spent in this place.
 B = Non-inter-level travel time spent in this place.
 C = Inter-level travel time spent in this place.
 D = Time resting spent in this place.
 E = Time spent auto-exploring this place.
 F = Levels seen in this place.
 G = Mean time per level.
                   A        B        C        D        E       F      G
               +--------+--------+--------+--------+--------+-----+--------+
         Total |   5768 |   5768 |      0 |    375 |      0 |   6 |  961.3 |
       Dungeon |   5768 |   5768 |      0 |    375 |      0 |   6 |  961.3 |
               +--------+--------+--------+--------+--------+-----+--------+

Top non-repeatable levels by time:
     D:1: 1347 daAuts
     D:2: 1059 daAuts
     D:6: 978 daAuts
     D:7: 883 daAuts
     D:4: 794 daAuts
     D:3: 704 daAuts
